[ AOE2 MATCH · #507034591 ]
UnrankedByzantines vs Koreans
Rival team · LOSS
[ REPLAY ANALYSIS · EXTRACTED FROM THE RECORDED GAME ]
Feudal
11:20
Castle
17:55
Imperial
33:55
| APM avg | 43.4 |
| APM peak | 90 |
| eAPM avg | 28.8 |
| Villagers / military | 119 / 25 |
Focus
⚔️ 37.6% · 🌾 62.4%
Monk ×13 · Cataphract ×10 · Mangonel ×1 · Trebuchet (Packed) ×1
Feudal
8:35
Castle
21:47
Imperial
—
| APM avg | 34.8 |
| APM peak | 74 |
| eAPM avg | 19.3 |
| Villagers / military | 86 / 37 |
Focus
⚔️ 25.3% · 🌾 74.7%
Fire Lancer ×22 · Battering Ram ×8 · Militia ×3 · War Wagon ×2 · Iron Pagoda ×2
Match map
Initial resources + every placement click. Lines = walls · curves = elevation contours. ◆ gold · ⬟ stone · ● berries · ✦ relic · ◌ wall gap
Your base· ✓ Closed at 17:55 · 16t walls · 3 gate(s)
SaleMajstor's base· ✓ Closed at 21:47 · 0t walls · 6 gate(s)
Smoothed initial terrain · ◌ = detected wall gap · hover for details
Inputs per minute
— JoshDomestique - - SaleMajstor
Build order — JoshDomestique
First 150 of 255 actions detected
| 0:00 | Create | Villager (Male) |
| 0:01 | Create | Villager (Male) |
| 0:01 | Create | Villager (Male) |
| 0:02 | Build | House |
| 0:03 | Build | House |
| 0:03 | Create | Villager (Male) |
| 1:23 | Create | Villager (Male) |
| 1:59 | Create | Villager (Male) |
| 2:01 | Create | Villager (Male) |
| 2:23 | Create | Villager (Male) |
| 2:47 | Build | Lumber Camp |
| 3:07 | Create | Villager (Male) |
| 3:07 | Create | Villager (Male) |
| 3:36 | Create | Villager (Male) |
| 3:52 | Build | House |
| 3:52 | Build | House |
| 3:53 | Build | House |
| 4:23 | Create | Villager (Male) |
| 4:28 | Create | Villager (Male) |
| 4:53 | Build | Mill |
| 4:55 | Create | Villager (Male) |
| 5:18 | Create | Villager (Male) |
| 5:30 | Create | Villager (Male) |
| 6:20 | Create | Villager (Male) |
| 6:21 | Create | Villager (Male) |
| 7:19 | Create | Villager (Male) |
| 7:27 | Create | Villager (Male) |
| 7:27 | Create | Villager (Male) |
| 7:42 | Build | Mining Camp |
| 8:24 | Build | Farm |
| 8:28 | Build | Farm |
| 8:36 | Create | Villager (Male) |
| 9:04 | Research | Feudal Age |
| 9:14 | Build | Farm |
| 9:43 | Create | Villager (Male) |
| 9:43 | Create | Villager (Male) |
| 9:58 | Build | Barracks |
| 10:03 | Research | Loom |
| 10:08 | Build | House |
| 10:21 | Build | Palisade Wall |
| 10:23 | Build | Palisade Wall |
| 10:30 | Build | House |
| 10:35 | Build | House |
| 10:36 | Build | House |
| 10:38 | Build | House |
| 10:39 | Build | House |
| 10:53 | Create | Villager (Male) |
| 10:59 | Create | Villager (Male) |
| 11:00 | Create | Villager (Male) |
| 11:05 | Create | Villager (Male) |
| 11:14 | Create | Villager (Male) |
| 11:20 | Age | Feudal Age |
| 11:33 | Build | Watch Tower |
| 11:37 | Create | Villager (Male) |
| 11:52 | Create | Villager (Male) |
| 11:53 | Create | Villager (Male) |
| 12:01 | Build | House |
| 12:03 | Create | Villager (Male) |
| 12:11 | Create | Villager (Male) |
| 12:12 | Create | Villager (Male) |
| 12:20 | Build | Farm |
| 12:21 | Create | Villager (Male) |
| 12:34 | Build | Market |
| 12:58 | Create | Villager (Male) |
| 13:03 | Create | Villager (Male) |
| 13:05 | Build | Mining Camp |
| 13:19 | Build | Palisade Wall |
| 13:19 | Create | Villager (Male) |
| 13:26 | Create | Villager (Male) |
| 13:41 | Create | Villager (Male) |
| 13:43 | Build | Blacksmith |
| 13:44 | Create | Villager (Male) |
| 14:05 | Build | House |
| 14:25 | Build | House |
| 14:26 | Build | House |
| 15:15 | Research | Castle Age |
| 15:15 | Research | Castle Age |
| 15:32 | Build | Farm |
| 16:05 | Build | Farm |
| 16:06 | Build | Farm |
| 16:41 | Research | Fletching |
| 17:23 | Create | Villager (Male) |
| 17:39 | Build | Farm |
| 17:40 | Research | Horse Collar |
| 17:55 | Age | Castle Age |
| 17:58 | Build | Siege Workshop |
| 18:01 | Research | Double-Bit Axe |
| 18:15 | Build | Palisade Gate |
| 18:32 | Create | Mangonel |
| 18:34 | Create | Villager (Male) |
| 18:48 | Create | Villager (Male) |
| 19:05 | Create | Villager (Male) |
| 19:09 | Build | House |
| 19:13 | Build | Palisade Wall |
| 19:38 | Build | House |
| 19:56 | Build | House |
| 20:02 | Create | Villager (Male) |
| 20:09 | Create | Villager (Male) |
| 20:12 | Create | Villager (Male) |
| 20:18 | Build | Farm |
| 20:19 | Build | Farm |
| 20:33 | Create | Villager (Male) |
| 20:35 | Build | Farm |
| 20:41 | Create | Villager (Male) |
| 20:41 | Create | Villager (Male) |
| 20:45 | Research | Bow Saw |
| 20:46 | Create | Villager (Male) |
| 20:56 | Build | Palisade Wall |
| 20:57 | Create | Villager (Male) |
| 21:06 | Build | Monastery |
| 21:15 | Build | Farm |
| 21:16 | Create | Villager (Male) |
| 21:35 | Create | Villager (Male) |
| 21:58 | Create | Villager (Male) |
| 22:04 | Create | Monk |
| 22:11 | Build | Farm |
| 22:13 | Build | Farm |
| 22:16 | Create | Villager (Male) |
| 22:49 | Build | Town Center |
| 22:50 | Create | Villager (Male) |
| 22:56 | Build | House |
| 22:59 | Create | Villager (Male) |
| 23:03 | Create | Monk |
| 23:11 | Create | Villager (Male) |
| 23:14 | Build | Farm |
| 23:16 | Create | Villager (Male) |
| 23:31 | Build | House |
| 23:42 | Create | Villager (Male) |
| 23:42 | Create | Villager (Male) |
| 23:51 | Create | Villager (Male) |
| 24:09 | Create | Villager (Male) |
| 24:14 | Create | Villager (Male) |
| 24:16 | Create | Villager (Male) |
| 24:18 | Create | Villager (Male) |
| 24:19 | Build | Farm |
| 24:20 | Create | Villager (Male) |
| 24:25 | Create | Monk |
| 24:38 | Create | Monk |
| 24:56 | Build | Castle |
| 24:57 | Create | Villager (Male) |
| 25:02 | Create | Monk |
| 25:11 | Build | Town Center |
| 25:18 | Create | Villager (Male) |
| 25:20 | Create | Monk |
| 25:51 | Create | Villager (Male) |
| 25:53 | Create | Villager (Male) |
| 25:58 | Create | Monk |
| 26:16 | Create | Monk |
| 26:20 | Build | Monastery |
| 26:26 | Create | Villager (Male) |
Build order — SaleMajstor
First 150 of 221 actions detected
| 0:00 | Create | Villager (Male) |
| 0:00 | Create | Villager (Male) |
| 0:01 | Create | Villager (Male) |
| 0:01 | Create | Villager (Male) |
| 0:03 | Build | House |
| 0:04 | Build | House |
| 1:29 | Create | Villager (Male) |
| 1:52 | Create | Villager (Male) |
| 1:56 | Build | Lumber Camp |
| 2:12 | Build | House |
| 2:21 | Create | Villager (Male) |
| 2:51 | Create | Villager (Male) |
| 3:10 | Create | Villager (Male) |
| 3:36 | Create | Villager (Male) |
| 4:03 | Create | Villager (Male) |
| 4:31 | Create | Villager (Male) |
| 4:42 | Create | Villager (Male) |
| 5:06 | Build | Barracks |
| 5:12 | Create | Villager (Male) |
| 5:12 | Create | Villager (Male) |
| 5:25 | Research | Loom |
| 6:25 | Research | Feudal Age |
| 6:34 | Build | House |
| 6:44 | Create | Militia |
| 7:07 | Create | Militia |
| 7:31 | Create | Militia |
| 7:37 | Build | Mining Camp |
| 7:59 | Build | House |
| 8:12 | Create | Villager (Male) |
| 8:35 | Age | Feudal Age |
| 8:37 | Research | Man-at-Arms (upgrade) |
| 8:58 | Create | Villager (Male) |
| 9:04 | Build | Mill |
| 9:21 | Create | Villager (Male) |
| 9:46 | Build | Watch Tower |
| 9:53 | Create | Villager (Male) |
| 10:10 | Create | Villager (Male) |
| 10:17 | Build | House |
| 10:42 | Create | Villager (Male) |
| 10:56 | Build | Watch Tower |
| 11:06 | Create | Villager (Male) |
| 11:54 | Create | Villager (Male) |
| 11:55 | Create | Villager (Male) |
| 11:55 | Create | Villager (Male) |
| 11:58 | Build | Farm |
| 11:59 | Build | Farm |
| 12:00 | Build | Farm |
| 12:05 | Build | House |
| 12:16 | Create | Villager (Male) |
| 12:22 | Build | Mining Camp |
| 13:02 | Create | Villager (Male) |
| 13:31 | Create | Villager (Male) |
| 13:41 | Build | Blacksmith |
| 13:47 | Research | Horse Collar |
| 14:09 | Create | Villager (Male) |
| 14:13 | Build | Watch Tower |
| 14:23 | Build | Farm |
| 14:24 | Create | Villager (Male) |
| 14:30 | Research | Fletching |
| 14:39 | Create | Villager (Male) |
| 14:41 | Build | Farm |
| 15:04 | Create | Villager (Male) |
| 15:19 | Build | Farm |
| 15:43 | Build | Mill |
| 15:44 | Create | Villager (Male) |
| 15:51 | Build | Farm |
| 16:00 | Build | House |
| 16:20 | Create | Villager (Male) |
| 16:30 | Build | Farm |
| 16:33 | Research | Double-Bit Axe |
| 16:48 | Create | Villager (Male) |
| 16:53 | Build | Farm |
| 17:01 | Build | House |
| 17:18 | Create | Villager (Male) |
| 17:49 | Create | Villager (Male) |
| 17:54 | Build | Market |
| 18:00 | Build | House |
| 18:39 | Create | Villager (Male) |
| 18:44 | Build | Farm |
| 18:45 | Build | Farm |
| 18:46 | Build | Farm |
| 18:47 | Build | Farm |
| 19:07 | Research | Castle Age |
| 20:09 | Create | Villager (Male) |
| 20:32 | Create | Villager (Male) |
| 20:59 | Build | Farm |
| 21:47 | Age | Castle Age |
| 21:51 | Build | Town Center |
| 22:09 | Build | Town Center |
| 22:11 | Create | Villager (Male) |
| 22:11 | Create | Villager (Male) |
| 22:34 | Create | Villager (Male) |
| 22:34 | Create | Villager (Male) |
| 22:54 | Research | Bow Saw |
| 23:09 | Create | Villager (Male) |
| 23:09 | Create | Villager (Male) |
| 23:29 | Create | Villager (Male) |
| 23:29 | Create | Villager (Male) |
| 23:30 | Create | Villager (Male) |
| 23:43 | Create | Villager (Male) |
| 23:43 | Create | Villager (Male) |
| 23:44 | Create | Villager (Male) |
| 23:44 | Create | Villager (Male) |
| 23:44 | Create | Villager (Male) |
| 23:45 | Create | Villager (Male) |
| 24:00 | Create | Fire Lancer |
| 24:01 | Create | Fire Lancer |
| 24:01 | Create | Fire Lancer |
| 24:02 | Create | Fire Lancer |
| 24:11 | Create | Villager (Male) |
| 24:11 | Create | Villager (Male) |
| 24:27 | Build | Siege Workshop |
| 24:36 | Create | Villager (Male) |
| 24:36 | Create | Villager (Male) |
| 24:37 | Create | Villager (Male) |
| 24:37 | Create | Villager (Male) |
| 24:37 | Create | Villager (Male) |
| 24:55 | Create | Villager (Male) |
| 24:55 | Create | Villager (Male) |
| 25:20 | Create | Iron Pagoda |
| 25:25 | Build | House |
| 25:26 | Build | House |
| 25:27 | Create | Villager (Male) |
| 25:28 | Create | Villager (Male) |
| 25:28 | Create | Villager (Male) |
| 25:35 | Build | Farm |
| 25:39 | Build | Farm |
| 25:39 | Build | Farm |
| 25:39 | Build | Farm |
| 25:39 | Build | Farm |
| 25:40 | Build | Farm |
| 25:53 | Research | Squires |
| 26:07 | Create | Fire Lancer |
| 26:07 | Create | Fire Lancer |
| 26:19 | Create | Villager (Male) |
| 26:19 | Create | Villager (Male) |
| 26:20 | Create | Villager (Male) |
| 27:09 | Create | Villager (Male) |
| 27:09 | Create | Villager (Male) |
| 27:09 | Create | Villager (Male) |
| 27:11 | Build | Barracks |
| 27:12 | Build | Barracks |
| 27:14 | Create | Iron Pagoda |
| 27:38 | Create | Villager (Male) |
| 27:43 | Build | House |
| 27:45 | Build | House |
| 27:47 | Create | Fire Lancer |
| 27:47 | Create | Fire Lancer |
| 27:48 | Create | Fire Lancer |
| 27:52 | Build | House |
Match timeline
| 5:06 | SaleMajstor · first_building Barracks |
| 8:35 | SaleMajstor · age_up feudal |
| 9:58 | JoshDomestique · first_building Barracks |
| 10:21 | JoshDomestique · wall_segment Palisade Wall x6 |
| 10:23 | JoshDomestique · wall_segment Palisade Wall x5 |
| 11:20 | JoshDomestique · age_up feudal |
| 13:19 | JoshDomestique · wall_segment Palisade Wall x5 |
| 14:44 | JoshDomestique · first_market_buy 100 food |
| 17:55 | JoshDomestique · age_up castle |
| 17:58 | JoshDomestique · first_building Siege Workshop |
| 18:50 | SaleMajstor · first_market_buy 100 food |
| 19:13 | JoshDomestique · wall_segment Palisade Wall x1 |
| 20:56 | JoshDomestique · wall_segment Palisade Wall x1 |
| 21:06 | JoshDomestique · first_building Monastery |
| 21:47 | SaleMajstor · age_up castle |
| 24:27 | SaleMajstor · first_building Siege Workshop |
| 24:56 | JoshDomestique · first_building Castle |
| 30:27 | JoshDomestique · first_market_sell 100 wood |
| 31:02 | JoshDomestique · first_building Stable |
| 31:53 | SaleMajstor · first_market_sell 100 food |
| 32:48 | SaleMajstor · first_building Castle |
| 33:06 | SaleMajstor · wall_segment Stone Wall x1 |
| 33:55 | JoshDomestique · age_up imperial |
| 34:00 | SaleMajstor · resign |
[ AI ANALYSIS · 1 CREDIT ]
What really happened in this match?
Wolo.gg analyzes every decision: build order, eco, micro, common mistakes by bracket. Personalized analysis on WhatsApp or Discord in 30 seconds.
Civ guide
Byzantines
Perfil
Jugador #2488477